 Dungeon Crawl Stone Soup version 0.30.1-4-g462c640d31 (webtiles) character file.

Game seed: 4688119714004053838

951 Labrat the Conjurer (level 8, -3/68 HPs)
             Began as a Meteoran Conjurer on Aug 21, 2023.
             Slain by a black bear (5 damage)
             ... on level 5 of the Dungeon on Aug 25, 2023.
             The game lasted 00:22:45 (1575 turns).

Labrat the Conjurer (Meteoran Conjurer)             Turns: 1575, Time: 00:22:45

Health: -3/68      AC:  5    Str:  8    XL:     8   Next: 62%
Magic:  11/18      EV: 13    Int: 22    God:
Gold:   189        SH:  0    Dex: 13    Spells: 12/19 levels left

rFire   + . .        (no weapon)
rCold   . . .        (no shield)
rNeg    . . .        g - +2 robe {rF+}
rPois   .            (no helmet)
rElec   .            a - +0 cloak {Will+}
rCorr   .            (no gloves)
SInv    +            (no boots)
Will    ++...        (no amulet)
Stlth   +            i - ring of see invisible
HPRegen 0.31/turn    (no ring)
MPRegen 0.16/turn

%: no passive effects
@: lethally poisoned (-3 -> -3), marked, glowing
A: sense surroundings 1, otherworldly, glowing, explore regen
a: no special abilities


You were on level 5 of the Dungeon.
You visited 1 branch of the dungeon, and saw 6 of its levels.

You collected 189 gold pieces.

Inventory:

Hand Weapons
 s - a +6 mace of holy wrath
Armour
 a - a +0 cloak of willpower (worn)
 g - a +2 robe of fire resistance (worn)
Jewellery
 i - a ring of see invisible (left hand)
Scrolls
 c - a scroll of magic mapping
 f - 2 scrolls of teleportation
 k - 2 scrolls of amnesia
 m - a scroll of torment {unknown}
 o - a scroll of enchant weapon {unknown}
 p - a scroll of blinking {unknown}
 r - 2 scrolls of fear
Potions
 d - a potion of curing {unknown}
 e - a potion of resistance {unknown}
 h - 2 potions of heal wounds
 j - a potion of attraction {unknown}
 l - a potion of lignification {unknown}
 n - a potion of invisibility {unknown}


   Skills:
 - Level 5.0 Fighting
 - Level 3.0 Armour
 - Level 5.0 Dodging
 - Level 1.4 Stealth
 - Level 6.0 Spellcasting
 - Level 6.0 Conjurations
 + Level 3.4 Translocations


You had 12 spell levels left.
You knew the following spells:

 Your Spells              Type           Power      Damage    Failure   Level
a - Magic Dart            Conj           100%       1d8       1%          1
b - Searing Ray           Conj           66%        2d6       1%          2
c - Iskenderun's Mystic   Conj/Tloc      27%        2d7       13%         4

Your spell library contained the following spells:

 Spells                   Type           Power      Damage    Failure   Level
 Shock                    Conj/Air       76%        1d7       2%          1
 Gell's Gravitas          Tloc           21%        N/A       7%          3
 Teleport Other           Tloc           21%        N/A       7%          3
 Dazzling Flash           Conj/Hex       38%        N/A       8%          3
 Swiftness                Air            6%         N/A       26%         3
 Fulminant Prism          Conj/Hex       9%         3d7       26%         4
 Airstrike                Air            3%         2d(1-17)  65%         4
 Dispersal                Tloc           10%        N/A       98%         6


Dungeon Overview and Level Annotations

Branches:
Dungeon (6/15) Zot: 1996
 Temple: D:4-7

Altars:
Xom
Zin


Innate Abilities, Weirdness & Mutations

You passively map a small area around you.
You are easily found by Zot.
You glow in the dark.
You regain HP and MP as you explore.


Message History

Okay, then.
Magic courses through your body.
You feel sick. The water moccasin closely misses you.
The black bear goes berserk!
The water moccasin bites you!
* * * LOW HITPOINT WARNING * * *
Unknown command.
Casting: Iskenderun's Mystic Blast (dangerous; 14% risk of failure)
Confirm with . or Enter, or press ? or * to list all spells.
You erupt in a blast of force!
The mystic blast hits the black bear.
The black bear is almost dead.
The black bear is knocked back by the mystic blast.
The mystic blast hits the water moccasin.
The water moccasin is severely wounded.
The water moccasin is knocked back by the mystic blast.
The water moccasin slams into the rock wall!
The water moccasin is severely wounded.
The mystic blast hits the orc wizard.
The orc wizard is severely wounded.
The orc wizard is knocked back by the mystic blast.
The orc wizard slams into the rock wall!
You kill the orc wizard!
You feel sick.
Unknown command.
Unknown command.
Casting: Iskenderun's Mystic Blast (dangerous; 13% risk of failure)
Confirm with . or Enter, or press ? or * to list all spells.
Aiming: Searing Ray (safe; 1% risk of failure)
Press: ? - help, Shift-Dir - straight line, f - water moccasin
Aim: a water moccasin (severely wounded, 68% to hit)
The searing ray misses the water moccasin. (Press . to maintain the ray.)
You feel sick. The water moccasin bites you.
* * * LOW HITPOINT WARNING * * *
The water moccasin barely misses you.
The searing ray hits the water moccasin!
You kill the water moccasin!
You feel sick. The black bear barely misses you.
The black bear claws you but does no damage.
The black bear claws you.
You die...

, .. * .## * ,
,..# * ..* * * ,
#.# #). * , #.##
* , #.@# *, ,*
...., ##h# ....
*#.# ** , .....
*... , ##.....
... ####.......,
..... ,, ,
##..........
..#.. *
#...#.......,...
...
#...<†.........
..., ,..


You could see a black bear (berserk).

Vanquished Creatures
  2 water moccasins (D:5)
  A sky beast (D:6)
  Blork the orc (D:4)
  A bullfrog (D:6)
  A scorpion (D:5)
  2 wights (D:6)
  A howler monkey (D:4)
  A hound (D:6)
  An orc priest (D:5)
  2 sleepcaps
  Crazy Yiuf (D:3)
  Terence (D:3)
  3 orc wizards
  4 gnolls (D:3)
  5 adders
  A shadow imp (D:5)
  A white imp (D:4)
  2 ufetubi
  2 dart slugs
  7 orcs
  8 bats
  3 endoplasms
  4 giant cockroaches
  2 goblins
  7 hobgoblins
  3 quokkas
  11 ball pythons
  6 frilled lizards
  6 kobolds
  5 rats
95 creatures vanquished.

Notes
Turn   | Place    | Note
-------+----------+-------------------------------------------
     0 | D:1      | Labrat the Meteoran Conjurer began the quest for the Orb.
     0 | D:1      | Reached XP level 1. HP: 14/14 MP: 5/5
    52 | D:2      | Reached skill level 5 in Conjurations
    52 | D:2      | Reached XP level 2. HP: 20/20 MP: 2/7
   211 | D:1      | Reached XP level 3. HP: 23/26 MP: 0/8
   327 | D:1      | Learned a level 2 spell: Searing Ray
   649 | D:2      | Reached XP level 4. HP: 33/33 MP: 6/10
  1013 | D:3      | Found a runed translucent door.
  1014 | D:3      | Noticed Crazy Yiuf
  1020 | D:3      | Killed Crazy Yiuf
  1021 | D:3      | Reached XP level 5. HP: 32/38 MP: 7/12
  1061 | D:3      | Reached skill level 5 in Spellcasting
  1257 | D:3      | Reached XP level 6. HP: 45/45 MP: 12/15
  1278 | D:5      | Entered Level 5 of the Dungeon
  1305 | D:4      | Noticed Blork the orc
  1310 | D:4      | Killed Blork the orc
  1341 | D:4      | Reached XP level 7. HP: 52/58 MP: 8/17
  1384 | D:3      | Noticed Terence
  1389 | D:3      | Killed Terence
  1458 | D:5      | Found a glowing silver altar of Zin.
  1458 | D:5      | Noticed an angel
  1459 | D:5      | Found a shimmering altar of Xom.
  1483 | D:5      | Noticed a water moccasin
  1493 | D:5      | Reached skill level 5 in Fighting
  1498 | D:5      | Killed a water moccasin
  1532 | D:6      | Reached XP level 8. HP: 38/68 MP: 6/18
  1537 | D:6      | Learned a level 4 spell: Iskenderun's Mystic Blast
  1567 | D:6      | Reached skill level 5 in Dodging
  1567 | D:6      | Reached skill level 1 in Translocations
  1574 | D:5      | HP: 3/68 [water moccasin (5)]
  1575 | D:5      | Slain by a black bear

Illustrated notes

Levels and vault maps discovered:
D:1:      lemuel_arrival_hallway, layout_loops_ring, serial_rivers,
          chequers_serial_rivers_room_b, chequers_serial_rivers_large_b,
          chequers_serial_rivers_micro_e, chequers_serial_rivers_small_b,
          minmay_hexomino_c4
D:2:      layout_rooms
D:3:      layout_basic, uniq_terence, uniq_crazy_yiuf_cottage
D:4:      layout_basic, uniq_duvessa, uniq_blork_the_orc, uniq_sigmund
D:5:      layout_rooms, grunt_temple_overflow_order_and_chaos_1, uniq_edmund
D:6:      layout_cave_pools

Skill      XL: |  1  2  3  4  5  6  7  8 |
---------------+-------------------------+-----
Spellcasting   | 3 4 5 6 |  6.0
Conjurations   | 5 6 |  6.0
Fighting       | 3 5 |  5.0
Armour         | 2 3 |  3.0
Dodging        | 3 5 |  5.0
Translocations | 3 |  3.4
Stealth        | |  1.4

Action                     |  1- 3 |  4- 6 |  7- 9 || total
---------------------------+-------+-------+-------++-------
  Melee: Unarmed           |    15 |       |       ||    15
   Cast: Magic Dart        |    50 |    33 |    15 ||    98
         Searing Ray       |       |    15 |    17 ||    32
         Iskenderun's Myst |       |       |     2 ||     2
    Use: Scroll            |       |       |     5 ||     5
         Potion            |       |       |     1 ||     1
 Armour: Robe              |     7 |     3 |    22 ||    32
  Dodge: Dodged            |    33 |    15 |    54 ||   102
